 Dungeon Crawl Stone Soup version 0.31-a0-232-gb1c03b2570 (webtiles) character file.

Game seed: 15229130436208381809

47 qw the Shooter (level 3, -1/21 HPs)
             Began as a Gargoyle Hexslinger on July 7, 2023.
             Slain by a goblin
             ... wielding a +0 dagger
             ... led by Robin
              (2 damage)
             ... on level 2 of the Dungeon.
             The game lasted 00:00:31 (1087 turns).

qw the Shooter (Gargoyle Hexslinger)                Turns: 1087, Time: 00:00:31

Health: -1/21      AC:  6    Str: 14    XL:     3   Next: 70%
Magic:  4/4        EV: 12    Int: 18    God:
Gold:   73         SH:  0    Dex: 14    Spells: 3/4 levels left

rFire   . . .        Y - +1 sling
rCold   . . .        (no shield)
rNeg    + . .        c - +0 robe
rPois   inf          h - +0 helmet
rElec   +            (no cloak)
rCorr   .            (no gloves)
SInv    .            (no boots)
Will    .....        a - amulet of Beraing {Faith Fragile Str+3 Int+5}
Stlth   +            (no ring)
HPRegen 0.23/turn    (no ring)
MPRegen 0.09/turn

%: faith
@: no status effects
A: sickness immunity, AC +3, negative energy resistance 1, electricity
resistance, torment resistance 1, petrification resistance, claws 1, low MP 1
a: no special abilities


You were on level 2 of the Dungeon.
You visited 1 branch of the dungeon, and saw 2 of its levels.

You collected 73 gold pieces.


Innate Abilities, Weirdness & Mutations

You are immune to sickness and miasma.
Your stone body is resilient. (AC +3)
You are immune to poison.
You resist negative energy. (rN+)
You are resistant to electric shocks. (rElec)
You are resistant to unholy torment.
You are immune to petrification.
You have sharp fingernails.
Your magical capacity is low. (-10% MP)


   Skills:
 - Level 2.0 Fighting
 + Level 3.6 Ranged Weapons
 - Level 1.5 Dodging
 - Level 1.0 Spellcasting
 - Level 2.6 Hexes


You had 3 spell levels left.
You knew the following spells:

 Your Spells              Type           Power      Damage    Failure   Level
a - Slow                  Hex            40%        N/A       7%          1

Your spell library contained the following spells:

 Spells                   Type           Power      Damage    Failure   Level
 Inner Flame              Hex/Fire       5%         N/A       34%         3
 Portal Projectile        Hex/Tloc       10%        N/A       34%         3
 Cause Fear               Hex            5%         N/A       54%         4

Inventory:

Hand Weapons
 Y - a +1 sling (weapon)
Armour
 c - a +0 robe (worn)
 d - a +0 ring mail
 e - a +0 pair of gloves
 h - a +0 helmet (worn)
Jewellery
 a - the amulet of Beraing (around neck) {Faith Fragile Str+3 Int+5}
   (You acquired it on level 1 of the Dungeon)

   [amulet of faith]

   It allows you to gain divine favour quickly.
   Str:       It affects your strength (+3).
   Int:       It affects your intelligence (+5).
   Fragile:   It will be destroyed if unequipped.
Scrolls
 b - a scroll of teleportation {unknown}
 f - 2 scrolls of identify {unknown}

Dungeon Overview and Level Annotations

Branches:
Dungeon (2/15)

Altars:

Annotations:
D:2 Robin, Terence


Message History

Robin shouts!
1079 ||| Stepping ~*~*~tactically~*~*~ (outnumbered).
You shoot a sling bullet. The sling bullet hits the goblin.
The goblin is heavily wounded.
You shoot a sling bullet.
The sling bullet closely misses the goblin.
The goblin hits you but does no damage. The goblin closely misses you.
You shoot a sling bullet. The sling bullet hits the goblin!
You kill the goblin!
The goblin shoots a sling bullet.
The sling bullet hits you but does no damage.
The goblin hits you with a +0 club.
You shoot a sling bullet.
The sling bullet barely misses the goblin.
The goblin shoots a sling bullet.
The sling bullet misses you. The goblin barely misses you.
Robin roars a battlecry!
The goblins go into a battle-frenzy!
You hear a shout!
You shoot a sling bullet. The sling bullet hits Terence.
Terence is moderately wounded.
Terence hits you with a +0 mace! The goblin misses you.
The goblin unwields a +0 sling.
The goblin wields a +0 club.
The goblin closely misses you.
You shoot a sling bullet.
The sling bullet hits Terence but does no damage.
Terence is moderately wounded.
Terence says, "Don't bother to defend, it's senseless."
Terence hits you but does no damage. The goblin misses you.
The goblin barely misses you.
You shoot a sling bullet.
The sling bullet hits Terence but does no damage.
Terence is moderately wounded.
Terence barely misses you. The goblin barely misses you. x2
The goblin closely misses you. Terence misses you.
Robin throws the goblin at you! The goblin completely misses you.
You shoot a sling bullet. The sling bullet barely misses Terence.
The goblin hits you with a +0 club. The goblin hits you but does no damage.
The goblin hits you with a +0 dagger.
You die...

######## ###......#
###.....####
#####...#..#########
#.@g.......# #.....#
....#@g.##.#.# #.....# .
#g####.#.# #.....# #)g.#
#...# #.....# )....##
#..## #.....#
¤g####)#####..#####...##
...................
######....####.##...
#.#..####.#8...
#.#.......##...


You could see Terence, Robin and 3 goblins.

Vanquished Creatures
  A dart slug (D:1)
  4 bats
  6 endoplasms
  2 giant cockroaches
  8 goblins
  5 hobgoblins
  A quokka (D:1)
  2 frilled lizards (D:1)
  7 kobolds
  7 rats
43 creatures vanquished.

Notes
Turn   | Place    | Note
-------+----------+-------------------------------------------
     0 | D:1      | qw the Gargoyle Hexslinger began the quest for the Orb.
     0 | D:1      | Reached XP level 1. HP: 12/12 MP: 2/2
     0 | D:1      | 0 ||| qw: Version: 0.3-a-46-gb1f654a
     0 | D:1      | 0 ||| qw: Game counter: 2968
     0 | D:1      | 0 ||| qw: Melee chars always use a shield: true
     0 | D:1      | 0 ||| qw: God list: Okawaru
     0 | D:1      | 0 ||| qw: Allow faded altars: false
     0 | D:1      | 0 ||| qw: Do Orc after clearing Dungeon:15 true
     0 | D:1      | 0 ||| qw: Do second Lair branch before Depths: true
     0 | D:1      | 0 ||| qw: Lair rune preference: random
     0 | D:1      | 0 ||| qw: Goals: Normal
     0 | D:1      | 0 ||| PLANNING D:1-11
   153 | D:1      | Reached XP level 2. HP: 7/16 MP: 3/3
   308 | D:1      | Reached skill level 3 in Ranged Weapons
   668 | D:1      | Reached XP level 3. HP: 21/21 MP: 4/4
   749 | D:1      | 749 ||| UPGRADING to +0 helmet.
   754 | D:1      | 754 ||| READING scroll labelled HELEOTSAYME.
   755 | D:1      | 755 ||| READING scroll labelled IMAYBU JOTWIS.
   756 | D:1      | 756 ||| READING scroll labelled ROMEFE NOASIPP.
   756 | D:1      | Identified a scroll of acquirement
   756 | D:1      | 756 ||| ACQUIRING amulet of Beraing {Faith Fragile Str+3
                  | Int+5}
   756 | D:1      | Acquired the amulet of Beraing {Faith Fragile Str+3 Int+5}
   758 | D:1      | 758 ||| UPGRADING to amulet of Beraing {Faith Fragile Str+3
                  | Int+5}.
   763 | D:1      | 763 ||| READING scroll labelled BYQIULL XIWN.
   764 | D:1      | 764 ||| DRINKING 2 sapphire potions.
   764 | D:1      | Gained mutation: You possess an exceptional clarity of
                  | mind. [potion of mutation]
   764 | D:1      | Gained mutation: Your natural rate of healing is unusually
                  | fast. [potion of mutation]
   764 | D:1      | Gained mutation: You are occasionally teleported next to
                  | monsters. [potion of mutation]
   765 | D:1      | 765 ||| DRINKING potion of mutation.
   765 | D:1      | Lost mutation: You are occasionally teleported next to
                  | monsters. [potion of mutation]
   765 | D:1      | Lost mutation: Your natural rate of healing is unusually
                  | fast. [potion of mutation]
   765 | D:1      | Lost mutation: You possess an exceptional clarity of mind.
                  | [potion of mutation]
   765 | D:1      | Gained mutation: Your magical capacity is low. (-10% MP)
                  | [potion of mutation]
   765 | D:1      | Gained mutation: You have sharp fingernails. [potion of
                  | mutation]
   766 | D:1      | 766 ||| DROPPING scroll of poison.
  1076 | D:2      | Noticed Terence
  1077 | D:2      | Noticed Robin
  1079 | D:2      | 1079 ||| Stepping ~*~*~tactically~*~*~ (outnumbered).
  1087 | D:2      | HP: 1/21 [goblin/+0 club[Robin] (6)]
  1087 | D:2      | Slain by a goblin

Levels and vault maps discovered:
D:1:      dpeg_arrival_long_road, layout_loops_ring
D:2:      layout_rooms, serial_corexii_hall, chequers_hall_statues_y,
          chequers_hall_statues_wall_a, corexii_hall_statues_u,
          chequers_hall_statues_corner_a, ebering_ecumenical_altar_mist,
          uniq_terence, uniq_robin

Skill      XL: |  1  2 |
---------------+-------+-----
Ranged Weapons | 3 |  3.6
Fighting       | 2 |  2.0
Dodging        | |  1.5
Spellcasting   | |  1.0
Hexes          | |  2.6

Action                     || total
---------------------------++-------
   Fire: Sling             ||   116
    Use: Scroll            ||     4
         Potion            ||     2
 Armour: Robe              ||    17
  Dodge: Dodged            ||    30

Table legend:
 A = Non-vault XP
 B = Vault XP
 C = Vault XP percentage of total XP
 D = Non-vault monster count
 E = Vault monster count
 F = Vault count percentage of total count
                 A         B        C        D         E       F
            +---------+---------+-------+---------+---------+-------
      Total |      58 |      10 |  14.7 |      38 |       5 |  11.6
            +---------+---------+-------+---------+---------+-------
        D:1 |      41 |       0 |   0.0 |      26 |       0 |   0.0
        D:2 |      17 |      10 |  37.0 |      12 |       5 |  29.4
            +---------+---------+-------+---------+---------+-------
